TOP OF THE 1ST |
Milton Dogfish Head batting - Pitching for Jersey City Sun Caps : RHP Tomás Gonzáles
|
Pitching: RHP Tomás Gonzáles
|
|
Batting: RHB Raúl Ortíz
|
0-0: Ball 1-0: Called Strike 1-1: Ball 2-1: Ground out 6-3 (Groundball, 6)
|
Batting: LHB Robert Adams
|
0-0: Foul Ball, location: 2F 0-1: Ball 1-1: Called Strike 1-2: Ball 2-2: Ground out 4-3 (Groundball, 4M)
|
Batting: RHB Luis Alomar
|
0-0: Ball 1-0: SINGLE (Line Drive, 5)
|
Batting: RHB Roy Childress
|
0-0: Called Strike 0-1: Called Strike 0-2: Ball 1-2: Ball 2-2: Foul Ball, location: 2F 2-2: Fielders Choice at 2nd, U6 (Groundball, 6M)
|
Top of the 1st over - 0 run(s), 1 hit(s), 0 error(s), 1 left on base; Milton 0 - Jersey City 0 |
BOTTOM OF THE 1ST |
Jersey City Sun Caps batting - Pitching for Milton Dogfish Head : LHP Kirby Buckner
|
Pitching: LHP Kirby Buckner
|
|
Batting: SHB Jake Richardson
|
0-0: Ball 1-0: Called Strike 1-1: Foul Ball, location: 2F 1-2: Ground out 5-3 (Groundball, 5L)
|
Batting: LHB Cole Thrash
|
0-0: Called Strike 0-1: DOUBLE (Line Drive, 3D)
|
Batting: RHB Tony Quintana
|
0-0: Swinging Strike 0-1: Ball 1-1: Foul Ball, location: 2F 1-2: Ground out 2-3 (Groundball, 25) Cole Thrash to third
|
Batting: RHB Ju-chan Pak
|
0-0: Swinging Strike 0-1: Swinging Strike 0-2: Ball 1-2: Strikes out looking
|
Bottom of the 1st over - 0 run(s), 1 hit(s), 0 error(s), 1 left on base; Milton 0 - Jersey City 0 |
TOP OF THE 2ND |
Milton Dogfish Head batting - Pitching for Jersey City Sun Caps : RHP Tomás Gonzáles
|
Batting: LHB Sean Booth
|
0-0: Called Strike 0-1: Ball 1-1: Foul Ball, location: 2F 1-2: Foul Ball, location: 2F 1-2: Ball 2-2: Ball 3-2: Base on Balls
|
Batting: RHB José Correa
|
0-0: Ball 1-0: Foul Ball, location: 2F 1-1: Swinging Strike 1-2: Ball 2-2: Ball 3-2: Base on Balls Sean Booth to second
|
Batting: RHB Leonard James
|
0-0: SINGLE (Groundball, 4MD) Sean Booth to third José Correa to second Runner from 3rd tries for Home, SAFE, throw made home José Correa to third Leonard James to second
|
Batting: RHB Lane Hancock
|
0-0: Swinging Strike 0-1: Ball 1-1: Ball 2-1: Ball 3-1: Called Strike 3-2: Foul Ball, location: 2F 3-2: Foul Ball, location: 2F 3-2: Fly out, F7 (Flyball, 78D) Runner from 3rd tags up, SCORES, no throw
|
Batting: RHB Jeff Bass
|
0-0: Foul Ball, location: 2F 0-1: Ball 1-1: Foul Ball, location: 2F 1-2: Ball 2-2: Ball 3-2: Strikes out swinging
|
Batting: RHB Raúl Ortíz
|
0-0: Ground out 5-3 (Groundball, 56)
|
Top of the 2nd over - 2 run(s), 1 hit(s), 0 error(s), 1 left on base; Milton 2 - Jersey City 0 |
BOTTOM OF THE 2ND |
Jersey City Sun Caps batting - Pitching for Milton Dogfish Head : LHP Kirby Buckner
|
Batting: RHB Roy Williams
|
0-0: Ball 1-0: Ball 2-0: Called Strike 2-1: Swinging Strike 2-2: Ball 3-2: Ground out 5-3 (Groundball, 5)
|
Batting: SHB Ernest Miller
|
0-0: Ball 1-0: Ball 2-0: Foul Ball, location: 2F 2-1: Foul Ball, location: 2F 2-2: Foul Ball, location: 2F 2-2: Strikes out swinging
|
Batting: RHB Christian O'Dell
|
0-0: Called Strike 0-1: Ground out 2-3 (Groundball, 23)
|
Bottom of the 2nd over - 0 run(s), 0 hit(s), 0 error(s), 0 left on base; Milton 2 - Jersey City 0 |
TOP OF THE 3RD |
Milton Dogfish Head batting - Pitching for Jersey City Sun Caps : RHP Tomás Gonzáles
|
Batting: LHB Robert Adams
|
0-0: Ball 1-0: Ground out 4-3 (Groundball, 4M)
|
Batting: RHB Luis Alomar
|
0-0: Called Strike 0-1: Swinging Strike 0-2: Ball 1-2: Ball 2-2: Strikes out swinging
|
Batting: RHB Roy Childress
|
0-0: Foul Ball, location: 2F 0-1: Ball 1-1: Ground out 5-3 (Groundball, 56)
|
Top of the 3rd over - 0 run(s), 0 hit(s), 0 error(s), 0 left on base; Milton 2 - Jersey City 0 |
BOTTOM OF THE 3RD |
Jersey City Sun Caps batting - Pitching for Milton Dogfish Head : LHP Kirby Buckner
|
Batting: RHB Bryan Wilson
|
0-0: Called Strike 0-1: Foul Ball, location: 2F 0-2: Ball 1-2: Strikes out swinging
|
Batting: RHB Jonah Moody
|
0-0: Ball 1-0: Swinging Strike 1-1: Fly out, F9 (Flyball, 89D)
|
Batting: SHB Jake Richardson
|
0-0: Called Strike 0-1: Ball 1-1: Ball 2-1: Ball 3-1: Called Strike 3-2: Base on Balls
|
Batting: LHB Cole Thrash
|
0-0: Called Strike 0-1: Fly out, F5 (Popup, 5SF)
|
Bottom of the 3rd over - 0 run(s), 0 hit(s), 0 error(s), 1 left on base; Milton 2 - Jersey City 0 |
TOP OF THE 4TH |
Milton Dogfish Head batting - Pitching for Jersey City Sun Caps : RHP Tomás Gonzáles
|
Batting: LHB Sean Booth
|
0-0: Swinging Strike 0-1: Swinging Strike 0-2: Strikes out swinging
|
Batting: RHB José Correa
|
0-0: Called Strike 0-1: Foul Ball, location: 2F 0-2: Strikes out swinging
|
Batting: RHB Leonard James
|
0-0: Foul Ball, location: 2F 0-1: Ball 1-1: Called Strike 1-2: Ball 2-2: Ball 3-2: Foul Ball, location: 2F 3-2: Ground out 6-3 (Groundball, 6M)
|
Top of the 4th over - 0 run(s), 0 hit(s), 0 error(s), 0 left on base; Milton 2 - Jersey City 0 |
BOTTOM OF THE 4TH |
Jersey City Sun Caps batting - Pitching for Milton Dogfish Head : LHP Kirby Buckner
|
Batting: RHB Tony Quintana
|
0-0: Called Strike 0-1: Ball 1-1: DOUBLE (Groundball, 3D)
|
Batting: RHB Ju-chan Pak
|
0-0: Ball 1-0: Ground out 5-3 (Groundball, 5S) Tony Quintana to third
|
Batting: RHB Roy Williams
|
0-0: Ball 1-0: Called Strike 1-1: Swinging Strike 1-2: Ball 2-2: Foul Ball, location: 2F 2-2: Ball 3-2: Base on Balls
|
Batting: SHB Ernest Miller
|
0-0: Ball 1-0: Called Strike 1-1: Called Strike 1-2: Foul Ball, location: 2F 1-2: Ball 2-2: Ball 3-2: Base on Balls Roy Williams to second
|
Batting: RHB Christian O'Dell
|
0-0: Ball 1-0: Foul Ball, location: 2F 1-1: Called Strike 1-2: Foul Ball, location: 2F 1-2: Foul Ball, location: 2F 1-2: Foul Ball, location: 2F 1-2: SINGLE (Line Drive, 89S) Tony Quintana scores Roy Williams to third Ernest Miller to second
|
Batting: RHB Bryan Wilson
|
0-0: Ball 1-0: Ball 2-0: Ball 3-0: Called Strike 3-1: Foul Ball, location: 2F 3-2: Base on Balls Roy Williams scores Ernest Miller to third Christian O'Dell to second
|
Batting: RHB Jonah Moody
|
0-0: Ball 1-0: Foul Ball, location: 2F 1-1: Foul Ball, location: 2F 1-2: Ball 2-2: Foul Ball, location: 2F 2-2: Fly out, F9 (Flyball, 9S)
|
Batting: SHB Jake Richardson
|
0-0: Swinging Strike 0-1: Ball 1-1: Fielders Choice at 2nd, 6-4 (Groundball, 6)
|
Bottom of the 4th over - 2 run(s), 2 hit(s), 0 error(s), 2 left on base; Milton 2 - Jersey City 2 |
TOP OF THE 5TH |
Milton Dogfish Head batting - Pitching for Jersey City Sun Caps : RHP Tomás Gonzáles
|
Batting: RHB Lane Hancock
|
0-0: Ball 1-0: Called Strike 1-1: Foul Ball, location: 2F 1-2: SINGLE (Line Drive, 7LS)
|
Batting: RHB Jeff Bass
|
0-0: Fly out, F9 (Flyball, 9M)
|
Batting: RHB Raúl Ortíz
|
0-0: Ball 1-0: Ball 2-0: Swinging Strike 2-1: Called Strike 2-2: Ball 3-2: SINGLE (Line Drive, 56) Lane Hancock to second
|
Batting: LHB Robert Adams
|
0-0: Called Strike 0-1: Foul Ball, location: 2F 0-2: Grounds into double play, 4-6-3 (Groundball, 4)
|
Top of the 5th over - 0 run(s), 2 hit(s), 0 error(s), 1 left on base; Milton 2 - Jersey City 2 |
BOTTOM OF THE 5TH |
Jersey City Sun Caps batting - Pitching for Milton Dogfish Head : LHP Kirby Buckner
|
Batting: LHB Cole Thrash
|
0-0: Ball 1-0: Ball 2-0: Called Strike 2-1: Fly out, F9 (Line Drive, 9M)
|
Batting: RHB Tony Quintana
|
0-0: Ball 1-0: Foul Ball, location: 2F 1-1: Foul Ball, location: 2F 1-2: Foul Ball, location: 2F 1-2: Ball 2-2: Strikes out swinging
|
Batting: RHB Ju-chan Pak
|
0-0: Swinging Strike 0-1: Ball 1-1: SOLO HOME RUN (Flyball, 7D), Distance : 388 ft
|
Batting: RHB Roy Williams
|
0-0: Ball 1-0: SINGLE (Groundball, 6MD)
|
Batting: SHB Ernest Miller
|
0-0: Foul Ball, location: 2F 0-1: Ball 1-1: Ball 2-1: Ball 3-1: Base on Balls Roy Williams to second
|
Batting: RHB Christian O'Dell
|
0-0: Swinging Strike 0-1: Fly out, F9 (Flyball, 89M)
|
Bottom of the 5th over - 1 run(s), 2 hit(s), 0 error(s), 2 left on base; Milton 2 - Jersey City 3 |
TOP OF THE 6TH |
Milton Dogfish Head batting - Pitching for Jersey City Sun Caps : RHP Tomás Gonzáles
|
Batting: RHB Luis Alomar
|
0-0: Ball 1-0: Called Strike 1-1: Foul Ball, location: 2F 1-2: Strikes out swinging
|
Batting: RHB Roy Childress
|
0-0: Foul Ball, location: 2F 0-1: Fly out, F7 (Line Drive, 78M)
|
Batting: LHB Sean Booth
|
0-0: Ball 1-0: Ground out 2-3 (Groundball, 2L)
|
Top of the 6th over - 0 run(s), 0 hit(s), 0 error(s), 0 left on base; Milton 2 - Jersey City 3 |
BOTTOM OF THE 6TH |
Jersey City Sun Caps batting - Pitching for Milton Dogfish Head : LHP Kirby Buckner
|
Batting: RHB Bryan Wilson
|
0-0: Called Strike 0-1: Ball 1-1: Foul Ball, location: 2F 1-2: Strikes out swinging
|
Batting: RHB Jonah Moody
|
0-0: Ball 1-0: Called Strike 1-1: Ball 2-1: Ball 3-1: Foul Ball, location: 2F 3-2: Fly out, F6 (Line Drive, 6)
|
Batting: SHB Jake Richardson
|
0-0: Called Strike 0-1: Called Strike 0-2: Ball 1-2: Ball 2-2: Foul Ball, location: 2F 2-2: Ball 3-2: Foul Ball, location: 2F 3-2: Base on Balls
|
Pitching: RHP Luis De La Hoya
|
|
Batting: LHB Cole Thrash
|
0-0: Ball 1-0: Ball 2-0: Ball 3-0: Base on Balls Jake Richardson to second
|
Batting: RHB Tony Quintana
|
0-0: Ball 1-0: Ball 2-0: Ball 3-0: Base on Balls Jake Richardson to third Cole Thrash to second
|
Batting: RHB Ju-chan Pak
|
0-0: Ball 1-0: Foul Ball, location: 2F 1-1: Ball 2-1: Foul Ball, location: 2F 2-2: Strikes out looking
|
Bottom of the 6th over - 0 run(s), 0 hit(s), 0 error(s), 3 left on base; Milton 2 - Jersey City 3 |
TOP OF THE 7TH |
Milton Dogfish Head batting - Pitching for Jersey City Sun Caps : RHP Tomás Gonzáles
|
Batting: RHB José Correa
|
0-0: SINGLE (Line Drive, 8LS)
|
Pinch Hitting: RHB David Sánchez
|
0-0: Swinging Strike 0-1: Ball 1-1: Grounds into double play, 6-4-3 (Groundball, 6)
|
Batting: RHB Lane Hancock
|
0-0: Foul Ball, location: 2F 0-1: Called Strike 0-2: Ball 1-2: Ball 2-2: Ball 3-2: Base on Balls
|
Pitching: RHP Scott Neal
|
|
Batting: RHB Jeff Bass
|
0-0: Called Strike 0-1: Ball 1-1: Foul Ball, location: 2F 1-2: Ball 2-2: Ball 3-2: Foul Ball, location: 2F 3-2: Base on Balls Lane Hancock to second
|
Batting: RHB Raúl Ortíz
|
0-0: Ball 1-0: Foul Ball, location: 2F 1-1: Ground out 2-3 (Groundball, 2L)
|
Top of the 7th over - 0 run(s), 1 hit(s), 0 error(s), 2 left on base; Milton 2 - Jersey City 3 |
BOTTOM OF THE 7TH |
Jersey City Sun Caps batting - Pitching for Milton Dogfish Head : RHP Luis De La Hoya
|
Now in RF: David Sánchez
|
|
Batting: RHB Roy Williams
|
0-0: Ball 1-0: Foul Ball, location: 2F 1-1: Swinging Strike 1-2: Ball 2-2: Ball 3-2: Strikes out swinging passed ball, reaches first!
|
Batting: SHB Ernest Miller
|
0-0: Ball 1-0: Ball 2-0: Bunt missed! 2-1: Bunted foul 2-2: Ball 3-2: Strikes out swinging
|
Pinch Hitting: LHB Bob Davis
|
0-0: Called Strike 0-1: Called Strike 0-2: Ball 1-2: SINGLE (Groundball, 34S) Roy Williams to second Runner from 2nd tries for 3rd, OUT!
|
Batting: RHB Bryan Wilson
|
0-0: Ball 1-0: Called Strike 1-1: Ball 2-1: Ball 3-1: Foul Ball, location: 2F 3-2: Ground out 6-3 (Groundball, 6)
|
Bottom of the 7th over - 0 run(s), 1 hit(s), 0 error(s), 1 left on base; Milton 2 - Jersey City 3 |
TOP OF THE 8TH |
Milton Dogfish Head batting - Pitching for Jersey City Sun Caps : RHP Scott Neal
|
Pitching: LHP Tommy Blevins
|
|
Now in LF: Lindsay Stewart
|
|
Batting: LHB Robert Adams
|
0-0: Called Strike 0-1: Ball 1-1: Ball 2-1: SINGLE (Groundball, 3D)
|
Pitching: RHP Armando Martínez
|
|
Batting: RHB Luis Alomar
|
0-0: Ground out 5-3 (Groundball, 56S) Robert Adams to second
|
Batting: RHB Roy Childress
|
0-0: Ball 1-0: Ball 2-0: Called Strike 2-1: Called Strike 2-2: Ball 3-2: Foul Ball, location: 2F 3-2: Foul Ball, location: 2F 3-2: Base on Balls
|
Pitching: LHP Denver Johnston
|
|
Batting: LHB Sean Booth
|
0-0: Foul Ball, location: 2F 0-1: 3-RUN HOME RUN (Flyball, 9D), Distance : 382 ft
|
Batting: RHB José Correa
|
0-0: Ground out 6-3 (Groundball, 6)
|
Batting: RHB David Sánchez
|
0-0: Called Strike 0-1: Foul Ball, location: 2F 0-2: SINGLE (Line Drive, 7S)
|
Batting: RHB Lane Hancock
|
0-0: DOUBLE (Line Drive, 7LM) David Sánchez to third
|
Batting: RHB Jeff Bass
|
0-0: SINGLE (Line Drive, 9S) David Sánchez scores Lane Hancock to third
|
Batting: RHB Raúl Ortíz
|
0-0: Swinging Strike 0-1: Swinging Strike 0-2: Ball 1-2: Ball 2-2: Ball 3-2: Base on Balls Jeff Bass to second
|
Batting: LHB Robert Adams
|
0-0: Foul Ball, location: 2F 0-1: Ball 1-1: Swinging Strike 1-2: Ball 2-2: Strikes out looking
|
Top of the 8th over - 4 run(s), 5 hit(s), 0 error(s), 3 left on base; Milton 6 - Jersey City 3 |
BOTTOM OF THE 8TH |
Jersey City Sun Caps batting - Pitching for Milton Dogfish Head : RHP Luis De La Hoya
|
Batting: RHB Jonah Moody
|
0-0: Called Strike 0-1: DOUBLE (Flyball, 7LS)
|
Pitching: LHP Albert Lucas
|
|
Batting: SHB Jake Richardson
|
0-0: Called Strike 0-1: SINGLE (Groundball, 56) Jonah Moody to third
|
Batting: LHB Cole Thrash
|
0-0: Ball 1-0: Ball 2-0: Ball 3-0: Base on Balls Jake Richardson to second
|
Pitching: RHP Roberto Cabrera
|
|
Batting: RHB Tony Quintana
|
0-0: Called Strike 0-1: Foul Ball, location: 2F 0-2: Ball 1-2: Ball 2-2: SINGLE (Line Drive, 9LM) Jonah Moody scores Jake Richardson to third Cole Thrash to second
|
Batting: RHB Ju-chan Pak
|
0-0: Fly out, F9 (Flyball, 9LM) Runner from 3rd tags up, OUT at HOME Cole Thrash to third Tony Quintana to second
|
Batting: RHB Roy Williams
|
0-0: Called Strike 0-1: Swinging Strike 0-2: Ball 1-2: Ball 2-2: Ball 3-2: Foul Ball, location: 2F 3-2: Base on Balls
|
Pinch Hitting: RHB Eddy Baxter
|
0-0: SINGLE (Line Drive, 6MD) Cole Thrash scores Tony Quintana to third Roy Williams to second Runner from 3rd tries for Home, SAFE, throw made at trailing runner, SAFE at third!
|
Pinch Hitting: RHB Brandon Reed
|
0-0: Ball 1-0: Called Strike 1-1: Called Strike 1-2: Ball 2-2: TRIPLE (Flyball, 7LD) Roy Williams scores Eddy Baxter scores
|
Pitching: RHP Manny Pérez
|
|
Batting: RHB Bryan Wilson
|
0-0: Called Strike 0-1: Ball 1-1: Foul Ball, location: 2F 1-2: Ball 2-2: Foul Ball, location: 2F 2-2: Ball 3-2: SINGLE (Line Drive, 6D) Brandon Reed scores
|
Batting: RHB Jonah Moody
|
0-0: Fly out, F7 (Flyball, 78D)
|
Bottom of the 8th over - 6 run(s), 6 hit(s), 0 error(s), 1 left on base; Milton 6 - Jersey City 9 |
TOP OF THE 9TH |
Milton Dogfish Head batting - Pitching for Jersey City Sun Caps : LHP Denver Johnston
|
Pitching: LHP Javier Tares
|
|
Now at SS: Matt Brown
|
|
Now in LF: Brandon Reed
|
|
Batting: RHB Luis Alomar
|
0-0: Ball 1-0: Ball 2-0: Ball 3-0: Called Strike 3-1: Fly out, F9 (Popup, 9S)
|
Batting: RHB Roy Childress
|
0-0: Ball 1-0: Fly out, F8 (Flyball, 8RD)
|
Batting: LHB Sean Booth
|
0-0: Called Strike 0-1: Ground out 3-1 (Groundball, 34)
|
Top of the 9th over - 0 run(s), 0 hit(s), 0 error(s), 0 left on base; Milton 6 - Jersey City 9 |
|